TOP OF THE 1ST |
Vanderbilt Commodores batting - Pitching for Villanova Wildcats : RHP Dan Jones
|
Pitching: RHP Dan Jones
|
|
Batting: LHB Micah Brantley
|
0-0: Foul Ball, location: 2F 0-1: Foul Ball, location: 2F 0-2: Strikes out swinging
|
Batting: RHB Glen MacDonald
|
0-0: Called Strike 0-1: Fly out, F3 (Popup, 13)
|
Batting: RHB Denis Miller
|
0-0: Swinging Strike 0-1: Ball 1-1: Called Strike 1-2: SINGLE (Groundball, 56D)
|
Batting: RHB Josh Webb
|
0-0: Called Strike 0-1: Ball 1-1: Foul Ball, location: 2F 1-2: Strikes out swinging
|
Top of the 1st over - 0 run(s), 1 hit(s), 0 error(s), 1 left on base; Vanderbilt 0 - Villanova 0 |
BOTTOM OF THE 1ST |
Villanova Wildcats batting - Pitching for Vanderbilt Commodores : RHP Corey Goguen
|
Pitching: RHP Corey Goguen
|
|
Batting: RHB Jason Smith
|
0-0: Ball 1-0: Called Strike 1-1: Ball 2-1: Ball 3-1: Foul Ball, location: 2F 3-2: Base on Balls
|
Batting: SHB Lorenzo Gómez
|
0-0: Called Strike 0-1: Ball 1-1: Called Strike 1-2: Grounds into double play, 1-6-3 (Groundball, 13S)
|
Batting: RHB Ron Elazar
|
0-0: Called Strike 0-1: Ball 1-1: Foul Ball, location: 2F 1-2: Strikes out swinging
|
Bottom of the 1st over - 0 run(s), 0 hit(s), 0 error(s), 0 left on base; Vanderbilt 0 - Villanova 0 |
TOP OF THE 2ND |
Vanderbilt Commodores batting - Pitching for Villanova Wildcats : RHP Dan Jones
|
Batting: RHB Joe Day
|
0-0: Ball 1-0: Ball 2-0: Ball 3-0: Base on Balls
|
Batting: LHB Shannon Hunter
|
0-0: Fly out, F8 (Flyball, 8RM)
|
Batting: RHB Steve Cook
|
0-0: Ball 1-0: Foul Ball, location: 2F 1-1: Ball 2-1: Foul Ball, location: 2F 2-2: Foul Ball, location: 2F 2-2: Foul Ball, location: 2F 2-2: Fly out, F8 (Flyball, 8RM)
|
Batting: RHB Dan Castaneda
|
0-0: Ball 1-0: Foul Ball, location: 2F 1-1: Ball 2-1: Foul Ball, location: 2F 2-2: Ball 3-2: Strikes out swinging wild pitch, reaches first! Joe Day to second
|
Batting: RHB Timothy Foster
|
0-0: Ball 1-0: Called Strike 1-1: Called Strike 1-2: Foul Ball, location: 2F 1-2: Ball 2-2: Strikes out swinging
|
Top of the 2nd over - 0 run(s), 0 hit(s), 0 error(s), 2 left on base; Vanderbilt 0 - Villanova 0 |
BOTTOM OF THE 2ND |
Villanova Wildcats batting - Pitching for Vanderbilt Commodores : RHP Corey Goguen
|
Batting: RHB Jorge Barrios
|
0-0: Ball 1-0: Called Strike 1-1: Foul Ball, location: 2F 1-2: Ball 2-2: Strikes out swinging
|
Batting: RHB Mark Hess
|
0-0: Foul Ball, location: 2F 0-1: Ball 1-1: Ball 2-1: Fly out, F8 (Flyball, 8RD)
|
Batting: RHB Dan McKay
|
0-0: Ball 1-0: Swinging Strike 1-1: Swinging Strike 1-2: Ball 2-2: Ball 3-2: Strikes out looking
|
Bottom of the 2nd over - 0 run(s), 0 hit(s), 0 error(s), 0 left on base; Vanderbilt 0 - Villanova 0 |
TOP OF THE 3RD |
Vanderbilt Commodores batting - Pitching for Villanova Wildcats : RHP Dan Jones
|
Batting: LHB Micah Brantley
|
0-0: Fly out, F8 (Flyball, 78M)
|
Batting: RHB Glen MacDonald
|
0-0: Ball 1-0: Swinging Strike 1-1: Fly out, F7 (Flyball, 7LD)
|
Batting: RHB Denis Miller
|
0-0: Called Strike 0-1: Swinging Strike 0-2: Strikes out swinging
|
Top of the 3rd over - 0 run(s), 0 hit(s), 0 error(s), 0 left on base; Vanderbilt 0 - Villanova 0 |
BOTTOM OF THE 3RD |
Villanova Wildcats batting - Pitching for Vanderbilt Commodores : RHP Corey Goguen
|
Batting: RHB Tom Hooper
|
0-0: Called Strike 0-1: Ball 1-1: Swinging Strike 1-2: Strikes out looking
|
Batting: RHB Ricardo López
|
0-0: Foul Ball, location: 2F 0-1: Ball 1-1: Swinging Strike 1-2: Strikes out swinging
|
Batting: RHB Juan Romero
|
0-0: Called Strike 0-1: Ball 1-1: Swinging Strike 1-2: Ball 2-2: Strikes out swinging
|
Bottom of the 3rd over - 0 run(s), 0 hit(s), 0 error(s), 0 left on base; Vanderbilt 0 - Villanova 0 |
TOP OF THE 4TH |
Vanderbilt Commodores batting - Pitching for Villanova Wildcats : RHP Dan Jones
|
Batting: RHB Josh Webb
|
0-0: Called Strike 0-1: Swinging Strike 0-2: Strikes out swinging
|
Batting: RHB Joe Day
|
0-0: Ball 1-0: SINGLE (Line Drive, 7S)
|
Batting: LHB Shannon Hunter
|
0-0: Ball 1-0: Ball 2-0: Fly out, F7 (Flyball, 7M)
|
Batting: RHB Steve Cook
|
0-0: Foul Ball, location: 2F 0-1: Called Strike 0-2: Strikes out swinging
|
Top of the 4th over - 0 run(s), 1 hit(s), 0 error(s), 1 left on base; Vanderbilt 0 - Villanova 0 |
BOTTOM OF THE 4TH |
Villanova Wildcats batting - Pitching for Vanderbilt Commodores : RHP Corey Goguen
|
Batting: RHB Jason Smith
|
0-0: Ball 1-0: Fly out, F7 (Flyball, 7LM)
|
Batting: SHB Lorenzo Gómez
|
0-0: Foul Ball, location: 2F 0-1: Foul Ball, location: 2F 0-2: DOUBLE (Line Drive, 89M)
|
Batting: RHB Ron Elazar
|
0-0: SINGLE (Groundball, 4MD) Lorenzo Gómez to third Runner from 3rd tries for Home, SAFE, no throw or cutoff
|
Batting: RHB Jorge Barrios
|
0-0: Called Strike 0-1: Ball 1-1: Foul Ball, location: 2F 1-2: Ball 2-2: 2-RUN HOME RUN (Flyball, 8LXD), Distance : 397 ft
|
Batting: RHB Mark Hess
|
0-0: Ball 1-0: Foul Ball, location: 2F 1-1: Fly out, F3 (Popup, 3F)
|
Batting: RHB Dan McKay
|
0-0: Ball 1-0: Fly out, F9 (Flyball, 89M)
|
Bottom of the 4th over - 3 run(s), 3 hit(s), 0 error(s), 0 left on base; Vanderbilt 0 - Villanova 3 |
TOP OF THE 5TH |
Vanderbilt Commodores batting - Pitching for Villanova Wildcats : RHP Dan Jones
|
Batting: RHB Dan Castaneda
|
0-0: Ball 1-0: Called Strike 1-1: Ball 2-1: Called Strike 2-2: Foul Ball, location: 2F 2-2: Strikes out swinging
|
Batting: RHB Timothy Foster
|
0-0: Fly out, F7 (Flyball, 78M)
|
Batting: LHB Micah Brantley
|
0-0: Ball 1-0: Called Strike 1-1: Called Strike 1-2: Ground out 4-3 (Groundball, 4)
|
Top of the 5th over - 0 run(s), 0 hit(s), 0 error(s), 0 left on base; Vanderbilt 0 - Villanova 3 |
BOTTOM OF THE 5TH |
Villanova Wildcats batting - Pitching for Vanderbilt Commodores : RHP Corey Goguen
|
Batting: RHB Tom Hooper
|
0-0: Ball 1-0: Fly out, F8 (Flyball, 8LM)
|
Batting: RHB Ricardo López
|
0-0: Fly out, F6 (Popup, 6)
|
Batting: RHB Juan Romero
|
0-0: Ball 1-0: SINGLE (Groundball, 56)
|
Batting: RHB Jason Smith
|
0-0: Ground out 6-3 (Groundball, 6)
|
Bottom of the 5th over - 0 run(s), 1 hit(s), 0 error(s), 1 left on base; Vanderbilt 0 - Villanova 3 |
TOP OF THE 6TH |
Vanderbilt Commodores batting - Pitching for Villanova Wildcats : RHP Dan Jones
|
Batting: RHB Glen MacDonald
|
0-0: Ball 1-0: Ball 2-0: Fly out, F7 (Flyball, 78XD)
|
Batting: RHB Denis Miller
|
0-0: Foul Ball, location: 2F 0-1: Called Strike 0-2: Ball 1-2: Strikes out swinging
|
Batting: RHB Josh Webb
|
0-0: Ball 1-0: Ball 2-0: Called Strike 2-1: Foul Ball, location: 2F 2-2: Ball 3-2: Strikes out looking
|
Top of the 6th over - 0 run(s), 0 hit(s), 0 error(s), 0 left on base; Vanderbilt 0 - Villanova 3 |
BOTTOM OF THE 6TH |
Villanova Wildcats batting - Pitching for Vanderbilt Commodores : RHP Corey Goguen
|
Batting: SHB Lorenzo Gómez
|
0-0: Ball 1-0: Ball 2-0: Called Strike 2-1: Swinging Strike 2-2: Ball 3-2: Strikes out looking
|
Batting: RHB Ron Elazar
|
0-0: Ball 1-0: Fly out, F3 (Line Drive, 3)
|
Batting: RHB Jorge Barrios
|
0-0: Ball 1-0: Foul Ball, location: 2F 1-1: Ball 2-1: Called Strike 2-2: Ball 3-2: Base on Balls
|
Batting: RHB Mark Hess
|
0-0: Ball 1-0: Swinging Strike 1-1: Swinging Strike 1-2: Ball 2-2: Foul Ball, location: 2F 2-2: Strikes out looking
|
Bottom of the 6th over - 0 run(s), 0 hit(s), 0 error(s), 1 left on base; Vanderbilt 0 - Villanova 3 |
TOP OF THE 7TH |
Vanderbilt Commodores batting - Pitching for Villanova Wildcats : RHP Dan Jones
|
Batting: RHB Joe Day
|
0-0: Ball 1-0: Ball 2-0: Fly out, F7 (Flyball, 7LM)
|
Pitching: LHP Ryan Trejo
|
|
Batting: LHB Shannon Hunter
|
0-0: Ball 1-0: Foul Ball, location: 2F 1-1: Ball 2-1: Ball 3-1: Base on Balls
|
Batting: RHB Steve Cook
|
0-0: Foul Ball, location: 2F 0-1: SINGLE (Flyball, 9LS) Shannon Hunter to second Runner from 2nd tries for 3rd, SAFE, throw made to third
|
Batting: RHB Dan Castaneda
|
0-0: SINGLE (Groundball, 5) Shannon Hunter scores Steve Cook to second
|
Batting: RHB Timothy Foster
|
0-0: Foul Ball, location: 2F 0-1: Ball 1-1: Foul Ball, location: 2F 1-2: Strikes out looking
|
Batting: LHB Micah Brantley
|
0-0: Ball 1-0: SINGLE (Groundball, 3L) Steve Cook to third Dan Castaneda to second Runner from 3rd tries for Home, SAFE, throw made at trailing runner, OUT at third!
|
Top of the 7th over - 2 run(s), 3 hit(s), 0 error(s), 1 left on base; Vanderbilt 2 - Villanova 3 |
BOTTOM OF THE 7TH |
Villanova Wildcats batting - Pitching for Vanderbilt Commodores : RHP Corey Goguen
|
Pitching: RHP Adrián Rodríguez
|
|
Batting: RHB Dan McKay
|
0-0: Called Strike 0-1: Ball 1-1: Foul Ball, location: 2F 1-2: Foul Ball, location: 2F 1-2: Strikes out swinging, 2-3 out at first.
|
Batting: RHB Tom Hooper
|
0-0: Ball 1-0: DOUBLE (Line Drive, 5D)
|
Batting: RHB Ricardo López
|
0-0: Ball 1-0: Ball 2-0: Ball 3-0: Base on Balls
|
Batting: RHB Juan Romero
|
0-0: Called Strike 0-1: Ball 1-1: Fly out, F8 (Flyball, 8RM)
|
Batting: RHB Jason Smith
|
0-0: Ball 1-0: Ball 2-0: Ball 3-0: Base on Balls Tom Hooper to third Ricardo López to second
|
Batting: SHB Lorenzo Gómez
|
0-0: Ball 1-0: Foul Ball, location: 2F 1-1: Called Strike 1-2: Strikes out swinging
|
Bottom of the 7th over - 0 run(s), 1 hit(s), 0 error(s), 3 left on base; Vanderbilt 2 - Villanova 3 |
TOP OF THE 8TH |
Vanderbilt Commodores batting - Pitching for Villanova Wildcats : LHP Ryan Trejo
|
Pitching: RHP Mathieu Bourbeau
|
|
Batting: RHB Glen MacDonald
|
0-0: Called Strike 0-1: SOLO HOME RUN (Flyball, 8LXD), Distance : 386 ft
|
Batting: RHB Denis Miller
|
0-0: Ball 1-0: Foul Ball, location: 2F 1-1: Swinging Strike 1-2: Ball 2-2: Fly out, F8 (Flyball, 8LM)
|
Batting: RHB Josh Webb
|
0-0: Ball 1-0: Ball 2-0: SINGLE (Line Drive, 8LS)
|
Batting: RHB Joe Day
|
0-0: Called Strike 0-1: Called Strike 0-2: Fly out, F7 (Flyball, 78M)
|
Batting: LHB Shannon Hunter
|
0-0: Ball 1-0: Called Strike 1-1: Foul Ball, location: 2F 1-2: Ball 2-2: Ground out U3 (Groundball, 3S)
|
Top of the 8th over - 1 run(s), 2 hit(s), 0 error(s), 1 left on base; Vanderbilt 3 - Villanova 3 |
BOTTOM OF THE 8TH |
Villanova Wildcats batting - Pitching for Vanderbilt Commodores : RHP Adrián Rodríguez
|
Batting: RHB Ron Elazar
|
0-0: Ball 1-0: Foul Ball, location: 2F 1-1: Fly out, F9 (Flyball, 89S)
|
Batting: RHB Jorge Barrios
|
0-0: Foul Ball, location: 2F 0-1: Foul Ball, location: 2F 0-2: Ball 1-2: Foul Ball, location: 2F 1-2: Foul Ball, location: 2F 1-2: Ball 2-2: Ball 3-2: Base on Balls
|
Pitching: RHP Javier Contreras
|
|
Batting: RHB Mark Hess
|
0-0: Foul Ball, location: 2F 0-1: Ball 1-1: Ball 2-1: Grounds into double play, 1-4-3 (Groundball, 13S)
|
Bottom of the 8th over - 0 run(s), 0 hit(s), 0 error(s), 0 left on base; Vanderbilt 3 - Villanova 3 |
TOP OF THE 9TH |
Vanderbilt Commodores batting - Pitching for Villanova Wildcats : RHP Mathieu Bourbeau
|
Pitching: LHP Anthony Lewis
|
|
Batting: RHB Steve Cook
|
0-0: Fly out, F6 (Popup, 6D)
|
Batting: RHB Dan Castaneda
|
0-0: SINGLE (Groundball, 56D)
|
Batting: RHB Timothy Foster
|
0-0: Ball 1-0: Called Strike 1-1: Called Strike 1-2: Ball 2-2: Foul Ball, location: 2F 2-2: Fly out, F7 (Flyball, 78M)
|
Batting: LHB Micah Brantley
|
0-0: Ball 1-0: Ball 2-0: Called Strike 2-1: SINGLE (Groundball, 34D) Dan Castaneda to second Runner from 2nd tries for 3rd, OUT!
|
Top of the 9th over - 0 run(s), 2 hit(s), 0 error(s), 1 left on base; Vanderbilt 3 - Villanova 3 |
BOTTOM OF THE 9TH |
Villanova Wildcats batting - Pitching for Vanderbilt Commodores : RHP Javier Contreras
|
Pitching: RHP Don Belmore
|
|
Batting: RHB Dan McKay
|
0-0: Foul Ball, location: 2F 0-1: Ball 1-1: Foul Ball, location: 2F 1-2: Ball 2-2: Foul Ball, location: 2F 2-2: Hit by Pitch
|
Batting: RHB Tom Hooper
|
0-0: Ball Dan McKay is caught stealing 2nd base 1-0: Called Strike 1-1: Called Strike 1-2: Strikes out swinging
|
Batting: RHB Ricardo López
|
0-0: Ball 1-0: Fly out, F7 (Line Drive, 7M)
|
Bottom of the 9th over - 0 run(s), 0 hit(s), 0 error(s), 0 left on base; Vanderbilt 3 - Villanova 3 |
TOP OF THE 10TH |
Vanderbilt Commodores batting - Pitching for Villanova Wildcats : LHP Anthony Lewis
|
Batting: RHB Glen MacDonald
|
0-0: Foul Ball, location: 2F 0-1: Foul Ball, location: 2F 0-2: Ball 1-2: Fly out, F3 (Popup, 3DF)
|
Batting: RHB Denis Miller
|
0-0: Ball 1-0: Ground out 5-3 (Groundball, 56)
|
Batting: RHB Josh Webb
|
0-0: SINGLE (Line Drive, 6MD)
|
Batting: RHB Joe Day
|
0-0: Ball 1-0: Ball 2-0: Foul Ball, location: 2F 2-1: Ball 3-1: Foul Ball, location: 2F 3-2: Base on Balls Josh Webb to second
|
Batting: LHB Shannon Hunter
|
0-0: Ball 1-0: Ball 2-0: Ball 3-0: Called Strike 3-1: Base on Balls Josh Webb to third Joe Day to second
|
Batting: RHB Steve Cook
|
0-0: Called Strike 0-1: Ball 1-1: Ball 2-1: Foul Ball, location: 2F 2-2: Strikes out swinging
|
Top of the 10th over - 0 run(s), 1 hit(s), 0 error(s), 3 left on base; Vanderbilt 3 - Villanova 3 |
BOTTOM OF THE 10TH |
Villanova Wildcats batting - Pitching for Vanderbilt Commodores : RHP Don Belmore
|
Batting: RHB Juan Romero
|
0-0: Ball 1-0: Ball 2-0: Ground out 1-3 (Groundball, 15)
|
Batting: RHB Jason Smith
|
0-0: Swinging Strike 0-1: Foul Ball, location: 2F 0-2: Ground out 4-3 (Groundball, 4M)
|
Batting: SHB Lorenzo Gómez
|
0-0: Ground out U3 (Groundball, 3)
|
Bottom of the 10th over - 0 run(s), 0 hit(s), 0 error(s), 0 left on base; Vanderbilt 3 - Villanova 3 |
TOP OF THE 11TH |
Vanderbilt Commodores batting - Pitching for Villanova Wildcats : LHP Anthony Lewis
|
Batting: RHB Dan Castaneda
|
0-0: Fly out, F8 (Line Drive, 8LXD)
|
Batting: RHB Timothy Foster
|
0-0: Called Strike 0-1: Ball 1-1: Swinging Strike 1-2: Strikes out looking
|
Batting: LHB Micah Brantley
|
0-0: Ball 1-0: Swinging Strike 1-1: Called Strike 1-2: Strikes out swinging
|
Top of the 11th over - 0 run(s), 0 hit(s), 0 error(s), 0 left on base; Vanderbilt 3 - Villanova 3 |
BOTTOM OF THE 11TH |
Villanova Wildcats batting - Pitching for Vanderbilt Commodores : RHP Don Belmore
|
Pitching: RHP Spencer Román
|
|
Batting: RHB Ron Elazar
|
0-0: Ball 1-0: Called Strike 1-1: Fly out, F5 (Popup, 25)
|
Batting: RHB Jorge Barrios
|
0-0: Called Strike 0-1: Ball 1-1: Ball 2-1: Fly out, F8 (Flyball, 8LS)
|
Batting: RHB Mark Hess
|
0-0: Ball 1-0: Ball 2-0: Ball 3-0: Called Strike 3-1: Base on Balls
|
Batting: RHB Dan McKay
|
0-0: Ball 1-0: Ball 2-0: Ball 3-0: Called Strike 3-1: Called Strike 3-2: Strikes out swinging
|
Bottom of the 11th over - 0 run(s), 0 hit(s), 0 error(s), 1 left on base; Vanderbilt 3 - Villanova 3 |
TOP OF THE 12TH |
Vanderbilt Commodores batting - Pitching for Villanova Wildcats : LHP Anthony Lewis
|
Batting: RHB Glen MacDonald
|
0-0: Ground out 3-1 (Groundball, 34S)
|
Batting: RHB Denis Miller
|
0-0: Ball 1-0: Ball 2-0: Foul Ball, location: 2F 2-1: Foul Ball, location: 2F 2-2: Strikes out looking
|
Batting: RHB Josh Webb
|
0-0: Ground out 4-3 (Groundball, 4M)
|
Top of the 12th over - 0 run(s), 0 hit(s), 0 error(s), 0 left on base; Vanderbilt 3 - Villanova 3 |
BOTTOM OF THE 12TH |
Villanova Wildcats batting - Pitching for Vanderbilt Commodores : RHP Spencer Román
|
Batting: RHB Tom Hooper
|
0-0: Ball 1-0: Called Strike 1-1: Ball 2-1: Foul Ball, location: 2F 2-2: Strikes out swinging
|
Batting: RHB Ricardo López
|
0-0: Called Strike 0-1: Foul Ball, location: 2F 0-2: Fly out, F7 (Flyball, 78S)
|
Batting: RHB Juan Romero
|
0-0: SOLO HOME RUN (Flyball, 8RXD), Distance : 397 ft
|
Monday, December 5th, 2016 - OOTP Baseball 17.12 Build 75
|
|